 Dungeon Crawl Stone Soup version 0.31-a0-557-g6e16503903 (webtiles) character file.

Game seed: 9663990626021670601

6037 LustLizard the Grappler (level 10, 0/71 HPs)
             Began as an Octopode Shapeshifter on Aug 17, 2023.
             Was a Follower of Uskayaw.
             Slain by a hornet (13 damage)
             ... on level 9 of the Dungeon.
             The game lasted 00:24:17 (11557 turns).

LustLizard the Grappler (Octopode Shapeshifter)    Turns: 11557, Time: 00:24:17

Health: 0/71       AC:  1    Str: 15    XL:     10   Next: 86%
Magic:  10/12      EV: 14    Int: 14    God:    Uskayaw [*.....]
Gold:   514        SH:  0    Dex: 13    Spells: 7/9 levels left

rFire   + .          .
                       - Unarmed
rCold   . . .        (shield currently unavailable)
rNeg    . . .        (helmet restricted)
rPois   .            (no amulet)
rElec   .            o - ring of resist corrosion
rCorr   +            s - ring of protection from fire
SInv    .            (no ring)
Will    .....        (no ring)
Stlth   ++           (no ring)
HPRegen 0.31/turn    (no ring)
MPRegen 0.13/turn    (no ring)
                     (no ring)

%: no passive effects
@: lethally poisoned (0 -> -4), about to teleport, flux-form, on blink cooldown,
slowed, glowing, studying Shields, very slow
A: glow, contaminating, almost no armour, amphibious, 8 rings, camouflage 1,
gelatinous body 1, (nimble swimmer 1), tentacles
a: Begin Untransformation, Renounce Religion, Stomp


You were on level 9 of the Dungeon.
You worshipped Uskayaw.
Uskayaw was noncommittal.
You were something dangerously unstable.
You visited 2 branches of the dungeon, and saw 10 of its levels.
You also visited: Bailey.

You collected 514 gold pieces.

Inventory:

Hand Weapons
 q - the +1 quarterstaff of Untruth {heavy, rF++}
   (You found it on level 5 of the Dungeon)

   rF++:      It greatly protects you from fire.
Missiles
 i - 8 poisoned darts
 m - a throwing net
Jewellery
 o - a ring of resist corrosion (left tentacle)
 s - a ring of protection from fire (right tentacle)
Talismans
 b - a beast talisman
 c - a flux talisman (active)
 t - a serpent talisman
Wands
 k - a wand of flame (5)
 n - a wand of iceblast (1)
 p - a wand of polymorph (5)
Scrolls
 a - a scroll of noise {unknown}
 e - 2 scrolls of poison {unknown}
 f - 3 scrolls of teleportation
 h - a scroll of enchant weapon
 j - 2 scrolls of brand weapon
 u - a scroll of revelation {unknown}
 w - a scroll of fear {unknown}
 x - a scroll of torment {unknown}
 y - a scroll of enchant armour {unknown}
 C - a scroll of acquirement
Potions
 d - a potion of invisibility
 g - 2 potions of heal wounds
 l - 2 potions of attraction
 r - a potion of enlightenment
 v - a potion of mutation
 z - a potion of brilliance {unknown}
 A - a potion of might {unknown}
 B - a potion of curing {unknown}


   Skills:
 + Level 7.1 Fighting
 + Level 3.2 Dodging
 - Level 6.0 Stealth
 * Level 10.5 Unarmed Combat
 + Level 2.2 Translocations
 * Level 3.8 Invocations
 - Level 3.0 Evocations
 + Level 6.6 Shapeshifting


You had 7 spell levels left.
You knew the following spells:

 Your Spells              Type           Power      Damage    Failure   Level
a - Blink                 Tloc           12%        N/A       17%         2

Your spell library contained the following spells:

 Spells                   Type           Power      Damage    Failure   Level
 Lesser Beckoning         Tloc           12%        N/A       17%         2
 Freeze                   Ice            0%         1d3       28%         1
 Momentum Strike          Conj/Tloc      6%         3d8       28%         2
 Scorch                   Fire           0%         2d5       41%         2
 Wereblood                Tmut           0%         N/A       41%         2
 Portal Projectile        Hex/Tloc       6%         N/A       50%         3
 Frozen Ramparts          Ice            0%         1d1       65%         3
 Hailstorm                Conj/Ice       0%         3d3       65%         3
 Inner Flame              Hex/Fire       0%         N/A       65%         3
 Tukima's Dance           Hex            0%         N/A       65%         3
 Iskenderun's Mystic Bla  Conj/Tloc      3%         2d3       88%         4
 Flame Wave               Conj/Fire      0%         2d4       96%         4
 Sticky Flame             Conj/Fire      0%         2d3       96%         4
 Irradiate                Conj/Tmut      0%         3d11      100%        5
 Simulacrum               Ice/Necr       0%         N/A       100%        6
 Summon Cactus Giant      Summ           0%         N/A       100%        6
 Ozocubu's Refrigeration  Ice            0%         4d7       100%        7
 Polar Vortex             Ice            0%         N/A       100%        9


Dungeon Overview and Level Annotations

Branches:
Dungeon (9/15)             Temple (1/1) D:7          Bailey (visited)
   Lair: D:8-11         Orc: D:9-12

Altars:
Ashenzari
Cheibriados
Dithmenos
Elyvilon
Fedhas
Gozag
Hepliaklqana
Kikubaaqudgha
Makhleb
Okawaru
Qazlal
Sif Muna
Trog
Uskayaw
Vehumet
Wu Jian
Xom
Yredelemnul
Zin

Annotations:
D:6 Jeremiah
D:8 1 runed translucent door, exclusion: death yak, Psyche; arvidsem's ghost, novice DECj


Innate Abilities, Weirdness & Mutations

You are something dangerously unstable.
You glow with magical radiation, making you easy to see and hit.
Foes you strike become dangerously contaminated with magical radiation.
You are incapable of wielding weapons or throwing items.
You cannot wear most types of armour.
You are amphibious.
You can wear up to eight rings at the same time.
Your skin changes colour to match your surroundings (Stealth+).
Your rubbery body absorbs attacks. (AC +1, EV +1)
((You are camouflaged when in or above water. (Stealth+)))
You have tentacles for arms and can constrict up to eight enemies at once.


Message History

A hornet comes into view.
A goblin comes into view.
It is wielding a +0 spear. 2 yaks come into view.
The hornet buzzes angrily.
The yak bellows! x2; You hear a bellow! x2
The hornet stings you!
You feel yourself slow down.
You hear a bellow!
You tentacle-slap the hornet.
The hornet begins to glow.
Your grab misses the hornet.
The hornet is lightly wounded.
The hornet stings you!
You feel as though you will be slow longer.
The hornet stings you!
You feel as though you will be slow longer.
You closely miss the hornet. You grab the hornet.
The hornet is lightly wounded.
You constrict the hornet. The hornet stings you!
You are poisoned.
You feel as though you will be slow longer.
The hornet misses you.
You tentacle-slap the hornet.
The hornet glows dangerously bright.
The hornet is moderately wounded.
You constrict the hornet.
You feel very sick. The hornet barely misses you.
The goblin closely misses you. The hornet stings you.
* * * LOW HITPOINT WARNING * * *
You feel as though you will be slow longer.
Okay, then.
Casting: Blink (safe; 17% risk of failure)
Confirm with . or Enter, or press ? or * to list all spells.
You blink.
You lose your grip on the hornet. 6 yaks come into view.
The yak bellows! x2
You feel very sick.
You hear a shout!
A yak comes into view.
The yak moves out of view.
As you read the scroll of teleportation, it crumbles to dust.
You feel strangely unstable.
You feel sick. The hornet stings you!
You die...

.....>.#
#.#......#
.......#
.....#....#
.......#
#...##....#
.......#
.._.......#
#...##....#
.....#....# .#
#...=..#
'..Y##.##.....#
.cY.Y..Byg...#
..YY....Y..#.#
..Y.#...Y..ยง.#
### #........#
.........#
..........#
...........#
............#
......##.#


You could see 8 yaks, a hornet (heavy contam), a centaur and a goblin.

Vanquished Creatures
  An orc knight (Bailey)
  Joseph (D:7)
  Maggie (D:8)
  Grinder (D:4)
  Sigmund (D:2)
  7 yaks
  An acid dragon (D:9)
  Duvessa (D:7)
  3 water moccasins
  11 orc warriors (Bailey)
  2 ogres (D:5)
  A black bear (D:6)
  A centaur (D:9)
  2 phantoms (D:4)
  3 bullfrogs
  2 scorpions (D:6)
  Dowan (D:7)
  5 wights
  2 hounds
  An orc priest (D:8)
  5 jellies
  A gnoll bouda (D:7)
  A sleepcap (D:6)
  Crazy Yiuf (D:7)
  5 iguanas
  Natasha (thrice) (D:2)
  7 orc wizards
  7 gnolls (D:2)
  8 adders
  A white imp (D:7)
  An ufetubus (D:4)
  A worm (D:5)
  3 dart slugs
  40 orcs
  9 ball pythons
  7 endoplasms
  2 giant cockroaches
  4 goblins
  7 hobgoblins
  8 jackals
  A quokka (D:1)
  4 bats
  5 frilled lizards
  12 kobolds
  2 rats
193 creatures vanquished.

Notes
Turn   | Place    | Note
-------+----------+-------------------------------------------
     0 | D:1      | LustLizard the Octopode Shapeshifter began the quest for
                  | the Orb.
     0 | D:1      | Reached XP level 1. HP: 13/13 MP: 1/1
   227 | D:1      | Reached XP level 2. HP: 18/18 MP: 2/2
   260 | D:1      | Reached skill level 1 in Stealth
   524 | D:1      | Reached XP level 3. HP: 23/23 MP: 3/3
   949 | D:2      | Noticed Sigmund
   967 | D:2      | Noticed Natasha
  1185 | D:2      | Reached XP level 4. HP: 22/29 MP: 4/4
  1887 | D:2      | Reached skill level 4 in Unarmed Combat
  2053 | D:2      | Killed Natasha
  2054 | D:2      | Reached XP level 5. HP: 33/34 MP: 5/5
  2088 | D:2      | Noticed Natasha
  2098 | D:2      | Killed Natasha
  2222 | D:2      | Noticed Natasha
  2228 | D:2      | Killed Natasha
  2560 | D:2      | Killed Sigmund
  2561 | D:2      | Reached skill level 5 in Unarmed Combat
  2561 | D:2      | Reached XP level 6. HP: 41/41 MP: 6/6
  3084 | D:4      | Reached XP level 7. HP: 43/46 MP: 7/7
  3243 | D:4      | Noticed Grinder
  3609 | D:5      | Entered Level 5 of the Dungeon
  3875 | D:5      | Reached skill level 6 in Unarmed Combat
  4056 | D:5      | Reached skill level 5 in Stealth
  4060 | D:5      | Reached XP level 8. HP: 50/54 MP: 8/8
  4522 | D:5      | Identified the +1 quarterstaff of Untruth {heavy, rF++}
  5412 | D:6      | Noticed Jeremiah
  5476 | D:4      | Killed Grinder
  5477 | D:4      | Reached skill level 7 in Unarmed Combat
  5703 | D:6      | Reached skill level 5 in Shapeshifting
  5778 | D:6      | Reached skill level 5 in Fighting
  6123 | D:6      | Reached XP level 9. HP: 50/61 MP: 9/9
  6219 | D:6      | Reached skill level 8 in Unarmed Combat
  6576 | D:7      | Noticed Joseph
  6810 | D:7      | Found a staircase to the Ecumenical Temple.
  6822 | Temple   | Entered the Ecumenical Temple
  6837 | Temple   | Became a worshipper of Uskayaw the Reveller
  6878 | D:7      | Reached * piety under Uskayaw
  6903 | D:6      | Reached ** piety under Uskayaw
  7344 | D:7      | Reached skill level 9 in Unarmed Combat
  7347 | D:7      | Reached *** piety under Uskayaw
  7355 | D:7      | Reached **** piety under Uskayaw
  7753 | D:7      | Noticed Duvessa
  7851 | D:7      | Noticed Dowan
  7874 | D:7      | Killed Duvessa
  7875 | D:7      | Reached skill level 1 in Evocations
  7878 | D:7      | Killed Dowan
  8297 | D:7      | Found a runed translucent door.
  8298 | D:7      | Noticed Crazy Yiuf
  8305 | D:7      | Killed Crazy Yiuf
  8413 | D:7      | Killed Joseph
  8414 | D:7      | Reached XP level 10. HP: 51/69 MP: 10/10
  8490 | D:7      | Found an ornate altar of the Wu Jian Council.
  8560 | D:8      | Noticed Psyche
  8750 | D:8      | Noticed a death yak
  8789 | D:8      | Found a runed translucent door.
  8794 | D:8      | Noticed arvidsem's ghost (novice DECj)
  8829 | D:8      | Learned a level 2 spell: Blink
  9354 | D:8      | Noticed Maggie
  9359 | D:8      | Reached skill level 10 in Unarmed Combat
  9365 | D:8      | Killed Maggie
  9366 | D:8      | Reached skill level 1 in Invocations
  9599 | D:8      | Found a radiant altar of Vehumet.
  9709 | D:8      | Noticed a death yak
  9874 | D:9      | Reached skill level 1 in Translocations
  9990 | D:9      | Found a glowing silver altar of Zin.
  9990 | D:9      | Found an ancient bone altar of Kikubaaqudgha.
  9991 | D:9      | Found a snail-covered altar of Cheibriados.
 10108 | D:9      | Found a flagged portal.
 10152 | Bailey   | Entered a bailey
 11348 | Bailey   | Noticed an orc knight
 11461 | Bailey   | Killed an orc knight
 11537 | D:9      | Found a shimmering blue altar of Sif Muna.
 11557 | D:9      | Slain by a hornet

Illustrated notes

Levels and vault maps discovered:
D:1:      pf_arrival_petrified_forest, layout_basic, minmay_pentomino_u2
D:2:      layout_loops_ring, uniq_natasha, uniq_sigmund
D:3:      layout_rooms, serial_park_tiny_pond, kennysheep_big_empty_room
D:4:      minmay_evil_eye, layout_rooms, uniq_grinder
D:5:      layout_basic
D:6:      minmay_inner_zag, layout_basic, minmay_statues_item, uniq_jeremiah
D:7:      layout_layer_cave, mainiacjoe_overflow_tiny_flanked,
          minmay_temple_entry_trees, nicolae_zen_rock_garden,
          dreamdust_gnoll_shepherd, uniq_duvessa, uniq_joseph,
          uniq_crazy_yiuf_cottage
D:8:      layout_gridville, lemuel_round_altar, dpeg_lair_monsters,
          hellmonk_ghost_big_iron, uniq_maggie, uniq_psyche
D:9:      layout_stronghold, gammafunk_temple_overflow_claw,
          mainiacjoe_overflow_small_starburst,
          mainiacjoe_overflow_catch_the_wave, enter_bailey_5, serial_shops,
          shop, kennysheep_opposing_triangles, uniq_pikel
Temple:   hellmonk_temple_forest_ring

Skill      XL: |  1  2  3  4  5  6  7  8  9 10 |
---------------+-------------------------------+-----
Stealth        | 1 2 3 4 5 6 |  6.0
Fighting       | 2 3 5 6 7 |  7.1
Unarmed Combat | 4 5 6 7 9 10 | 10.5
Shapeshifting  | 4 5 6 |  6.6
Evocations     | 2 3 |  3.0
Invocations    | 3 |  3.8
Translocations | 2 |  2.2
Dodging        | 3 |  3.2

Action                     |  1- 3 |  4- 6 |  7- 9 | 10-12 || total
---------------------------+-------+-------+-------+-------++-------
  Melee: Unarmed           |    62 |    70 |   214 |   138 ||   484
         Constrict         |    15 |    18 |    39 |    35 ||   107
         Tentacles         |    10 |    20 |    53 |    42 ||   125
         Punch             |     2 |     1 |     5 |       ||     8
  Throw: Dart              |     2 |     2 |     2 |       ||     6
   Cast: Blink             |       |       |       |     1 ||     1
  Evoke: Wand              |       |       |     3 |    12 ||    15
    Use: Scroll            |       |     3 |     6 |     3 ||    12
         Potion            |       |       |     1 |     1 ||     2
   Stab: Sleeping          |     7 |     4 |     7 |     4 ||    22
         Paralysed         |       |       |     3 |     3 ||     6
 Armour: Skin              |     4 |     2 |    16 |     2 ||    24
  Dodge: Dodged            |    28 |    37 |    59 |    96 ||   220
   Form: Flux              |       |       |     1 |       ||     1

Table legend: (Time is in decaauts)
 A = Elapsed time spent in this place.
 B = Non-inter-level travel time spent in this place.
 C = Inter-level travel time spent in this place.
 D = Time resting spent in this place.
 E = Time spent auto-exploring this place.
 F = Levels seen in this place.
 G = Mean time per level.
                   A        B        C        D        E       F      G
               +--------+--------+--------+--------+--------+-----+--------+
         Total |  11494 |  10897 |    597 |   2271 |   5998 |  11 | 1044.9 |
       Dungeon |  10109 |   9539 |    570 |   1523 |   5829 |   9 | 1123.2 |
        Temple |     29 |      2 |     27 |      0 |      0 |   1 |   29.0 |
        Bailey |   1355 |   1355 |      0 |    747 |    169 |   1 | 1355.0 |
               +--------+--------+--------+--------+--------+-----+--------+

Top non-repeatable levels by time:
     D:7: 1941 daAuts
     D:2: 1656 daAuts
     D:5: 1565 daAuts
  Bailey: 1355 daAuts
     D:8: 1267 daAuts
     D:6: 1229 daAuts
     D:1: 904 daAuts
     D:4: 719 daAuts
     D:3: 486 daAuts
     D:9: 338 daAuts
  Temple: 29 daAuts
